 Dungeon Crawl Stone Soup version 0.14-a0-3295-g3fd807f (webtiles) character file.

1174 Tabbeli the Ruffian (level 7, -8/62 HPs)
             Began as a Minotaur Monk on Mar 14, 2014.
             Mangled by an orc warrior
             ... wielding a +0,+0 glaive
              (24 damage)
             ... on Level 6 of the Dungeon.
             The game lasted 00:09:41 (4772 turns).

Tabbeli the Ruffian (Minotaur Monk)                 Turns: 4772, Time: 00:09:41

HP  -8/62        AC  2     Str 15      XL: 7   Next: 83%
MP   3/3         EV 14     Int  9      God:
Gold 256         SH  0     Dex 13      Spells:  0 memorised,  6 levels left

rFire  . . .     SeeInvis +       - Unarmed
rCold  . . .     Clarity  .     a - +0 robe
rNeg   . . .     Conserve .     (no shield)
rPois  .         rCorr    .     (helmet restricted)
rElec  .         rRot     .     (no cloak)
SustAb . .       Spirit   .     (no gloves)
rMut   .         Warding  .     (no boots)
Saprov . . .     Stasis   .     (no amulet)
MR     .....                    D - ring of see invisible
                                c - ring of regeneration

@: not resistant to hostile enchantments, unstealthy
A: retaliatory headbutt, horns 2
a: no special abilities


You were on level 6 of the Dungeon.
You were hungry.

You visited 2 branches of the dungeon, and saw 7 of its levels.

You collected 256 gold pieces.

Inventory:

Missiles
 i - 63 bolts
Armour
 a - a +0 robe (worn)
 A - the +0 leather armour "Daawih" {rC+ Dex+4 Dam-2 SInv}
   (You found it on level 5 of the Dungeon)

   It affects your dexterity (+4).
   It affects your damage with ranged weapons and melee attacks (-2).
   It protects you from cold.
   It enhances your eyesight.
Magical devices
 v - a wand of flame (17)
 y - a wand of frost (5)
Comestibles
 b - 3 bread rations
 f - an apple
 p - a cheese
 u - a rambutan
 H - 2 chunks of worker ant flesh
Scrolls
 e - 2 scrolls of magic mapping {unknown}
 h - a scroll of blinking {unknown}
 j - a scroll of amnesia {unknown}
 l - a scroll of enchant weapon I {unknown}
 m - 6 scrolls of identify
 n - 2 scrolls of remove curse {unknown}
 o - 2 scrolls of noise {unknown}
 r - 2 scrolls of teleportation {unknown}
 w - 2 scrolls of enchant weapon II
 z - a scroll of immolation {unknown}
Jewellery
 c - a ring of regeneration (left hand)
 D - a ring of see invisible (right hand)
Potions
 d - a potion of restore abilities
 g - a potion of curing
 k - a potion of poison
 q - a potion of resistance {unknown}
 s - a potion of cure mutation
 t - 2 potions of might {unknown}
 x - a potion of lignification {unknown}
 E - a potion of mutation {unknown}
 F - a potion of heal wounds {unknown}
 I - a potion of brilliance {unknown}
Books
 G - a book of the Earth

   Spells                             Type                      Level
   Leda's Liquefaction                Hexes/Earth                  4
   Bolt of Magma                      Conjuration/Fire/Earth       5
   Statue Form                        Transmutation/Earth          6
   Iron Shot                          Conjuration/Earth            6
   Shatter                            Earth                        9


   Skills:
 + Level 5.8 Fighting
 + Level 4.2 Armour
 + Level 5.4 Dodging
 - Level 1.5 Stealth
 * Level 7.9 Unarmed Combat


You had 6 spell levels left.
You didn't know any spells.

Dungeon Overview and Level Annotations

Branches:
Dungeon (6/15)             Temple (1/1) D:5

Altars:
Ashenzari
Cheibriados
Dithmenos
Fedhas
Kikubaaqudgha
Makhleb
Nemelex Xobeh
Sif Muna
Trog
Vehumet
Xom
Zin
The Shining One
Jiyva


Innate Abilities, Weirdness & Mutations

You reflexively headbutt those who attack you in melee.
You have a pair of horns on your head.


Message History

That liquid tasted very nasty...
You are poisoned.
It was a potion of poison.
You feel sick. The orc hits you with a hand axe.
The orc warrior completely misses you.
Drink which item? (? for menu, Esc to quit)
You feel better. The orc barely misses you.
The orc warrior hits you from afar with a glaive!
Evoke which item? (* to show all) (? for menu, Esc to quit)
Okay, then.
Read which item? (? for menu, Esc to quit)
As you read the scroll labeled MIDAGEPR UTOK, it crumbles to dust.
It is a scroll of recharging.
Charge which item? (? for menu, Esc to quit)
Your wand of flame {empty} glows for a moment.
The orc hits you with a hand axe!
* * * LOW HITPOINT WARNING * * *
Unknown command.
Drink which item? (? for menu, Esc to quit)
It has a very clean taste.
It was a potion of cure mutation.
The orc warrior hits you from afar with a glaive!
You die...

........# ..
........# ### #.##
.........##...###
###...
#............. .....
###.#.##...... ....
# #%# .## ##... #o#
#...# #o# #.... #@#
. #####...# #.##..##
#........
#.##.......###.<.#
#.##.......###...# #
#.##..........)...
#.#.##.......###...#
#.#.##..########>..#
#...................
#......#############


You could see an orc warrior and an orc.

Vanquished Creatures
  2 ogres
  An ice beast (D:5)
  A scorpion (D:5)
  A hound (D:4)
  An orc priest (D:5)
  4 jellies
  2 giant frog skeletons
  2 orc wizards
  2 worker ants
  An iguana (D:5)
  3 gnolls (D:3)
  7 adders
  A giant mite (D:5)
  3 worms
  A giant eyeball (D:5)
  7 giant geckos
  3 oozes
  11 orcs
  A ball python (D:3)
  15 bats
  13 hobgoblins
  3 jackals (D:3)
  7 kobolds
  4 quokkas
  5 giant cockroaches
  4 giant newts
  11 goblins
  A jackal skeleton (D:4)
  52 rats
169 creatures vanquished.

Notes
Turn   | Place    | Note
--------------------------------------------------------------
     0 | D:1      | Tabbeli, the Minotaur Monk, began the quest for the Orb.
     0 | D:1      | Reached XP level 1. HP: 19/19 MP: 1/1
   239 | D:1      | Reached XP level 2. HP: 25/27 MP: 1/1
   702 | D:1      | Reached skill level 5 in Unarmed Combat
   814 | D:1      | Reached XP level 3. HP: 28/33 MP: 2/2
   927 | D:2      | Reached skill level 1 in Armour
  1076 | D:2      | Found a shadowy altar of Dithmenos.
  1253 | D:2      | Reached XP level 4. HP: 35/40 MP: 2/2
  1720 | D:2      | Found a sparkling altar of Nemelex Xobeh.
  2294 | D:3      | Reached XP level 5. HP: 43/47 MP: 2/2
  2488 | D:3      | Reached skill level 6 in Unarmed Combat
  2778 | D:3      | Found a bloodstained altar of Trog.
  3011 | D:4      | Noticed an ogre
  3017 | D:4      | Killed an ogre
  3017 | D:4      | Reached XP level 6. HP: 51/55 MP: 3/3
  3186 | D:4      | Reached skill level 5 in Fighting
  3499 | D:5      | Entered Level 5 of the Dungeon
  3552 | D:5      | Reached skill level 7 in Unarmed Combat
  3575 | D:5      | Reached XP level 7. HP: 30/61 MP: 3/3
  3614 | D:5      | Got a faintly glowing leather armour
  3621 | D:5      | Identified the +0 leather armour "Daawih" {rC+ Dex+4 Dam-2 SInv} (You found it on level 5 of the Dungeon)
  3987 | D:5      | Reached skill level 5 in Dodging
  4060 | D:5      | Found a staircase to the Ecumenical Temple.
  4079 | Temple   | Entered the Ecumenical Temple
  4610 | D:5      | Found a viscous altar of Jiyva.
  4650 | D:6      | Got a pitted falchion
  4651 | D:6      | Identified the cursed -1,+3 falchion "Rythru Phatea" {drain, *Rage +Blink +Fly rN+ MR++} (You found it on level 6 of the Dungeon)
  4772 | D:6      | Mangled by an orc warrior

Action                   |  1- 3 |  4- 6 |  7- 9 || total
-------------------------+-------+-------+-------++-------
Melee: Unarmed           |   121 |   171 |    69 ||   361
       Falchion          |       |       |     3 ||     3
Evoke: Wand              |       |     6 |     9 ||    15
  Use: Potion            |       |     4 |     5 ||     9
       Scroll            |       |       |     3 ||     3
 Stab: Sleeping          |     3 |     2 |     3 ||     8
